 Dungeon Crawl Stone Soup version 0.23-a0-448-g1c01f63 (webtiles) character file.

188 Cricketeer the Chopper (level 5, 0/46 HPs)
             Began as a Minotaur Berserker on Nov 20, 2018.
             Was a Believer of Trog.
             Slain by an orc (2 damage)
             ... on level 4 of the Dungeon.
             The game lasted 00:03:19 (2935 turns).

Cricketeer the Chopper (Minotaur Berserker)         Turns: 2935, Time: 00:03:19

Health: 0/46       AC:  6    Str: 23    XL:     5   Next: 39%
Magic:  13/13      EV:  8    Int:  4    God:    Trog [**....]
Gold:   79         SH:  0    Dex:  9    Spells: 4/4 levels left

rFire    . . .     SeeInvis .   a - +0 hand axe
rCold    . . .     Gourm    .   o - +0 large shield (curse)
rNeg     . . .     Faith    .   u - +3 leather armour
rPois    .         Spirit   .   (helmet restricted)
rElec    .         Reflect  .   (no cloak)
rCorr    .         Harm     .   (no gloves)
MR       .....                  (no boots)
Stlth    +.........             (no amulet)
HPRegen  0.15/turn              k - ring of stealth
MPRegen  0.13/turn              r - ring of magical power

@: confused
A: retaliatory headbutt, horns 2
a: Berserk, Trog's Hand, Renounce Religion


You were on level 4 of the Dungeon.
You worshipped Trog.
Trog was pleased with you.
You were not hungry.

You visited 1 branch of the dungeon, and saw 4 of its levels.

You collected 79 gold pieces.

Inventory:

Hand Weapons
 a - a +0 hand axe (weapon)
Armour
 b - a +0 animal skin
 o - a cursed +0 large shield (worn)
 u - a +3 leather armour (worn)
Jewellery
 k - a ring of stealth (left hand)
 r - a ring of magical power (right hand)
 y - an uncursed ring of stealth
Scrolls
 f - 4 scrolls of identify {unknown}
 h - 4 scrolls of teleportation {unknown}
 p - a scroll of remove curse {unknown}
 s - a scroll of blinking {unknown}
 t - a scroll of fog {unknown}
 v - a scroll of magic mapping {unknown}
Potions
 d - 2 potions of might {unknown}
 e - 4 potions of curing {unknown}
 g - a potion of agility {unknown}
 i - 3 potions of mutation {unknown}
 l - 2 potions of flight {unknown}
 m - a potion of haste {unknown}
 n - 2 potions of resistance {unknown}
 q - a potion of berserk rage {unknown}
 w - a potion of invisibility {unknown}
 x - a potion of heal wounds {unknown}
Comestibles
 c - 7 rations


   Skills:
 + Level 4.2 Fighting
 * Level 4.9 Axes
 * Level 4.1 Armour
 + Level 3.0 Dodging
 * Level 2.6 Shields


You had 4 spell levels left.
You didn't know any spells.
Your spell library was empty.

Dungeon Overview and Level Annotations

Branches:
Dungeon (4/15)
 Temple: D:4-7

Altars:
Cheibriados
Hepliaklqana


Innate Abilities, Weirdness & Mutations

You reflexively headbutt those who attack you in melee.
You have a pair of horns on your head.


Message History

The orc priest calls down the wrath of Beogh upon you.
Something hits you but does no damage.
You bump into the rock wall.
You hear some strange, mumbled words.
A puff of flame appears from out of thin air!
The puff of flame hits you!
You bump into the rock wall.
Something hits you but does no damage.
The orc priest calls down the wrath of Beogh upon you.
Beogh smites you!
* * * LOW HITPOINT WARNING * * *
You're too confused to move!
You bump into the rock wall.
The orc barely misses you. Something hits you but does no damage.
The orc priest calls down the wrath of Beogh upon you.
Beogh smites you!
* * * LOW HITPOINT WARNING * * *
You bump into the rock wall.
The orc hits you but does no damage. Something hits you but does no damage.
You bump into the rock wall.
The orc hits you.
You die...

#...# #...
#... #...
#..# #..# #
#..# .#
#.@##..##.#
#.{oo......
#####.##.##
#


You could see an orc priest and an orc.

Vanquished Creatures
  An orc wizard (D:3)
  An orc priest (D:3)
  3 gnolls (D:3)
  2 adders
  2 oozes
  2 dart slugs (D:1)
  2 leopard geckos (D:1)
  12 orcs
  2 ball pythons
  3 giant cockroaches
  4 goblins
  3 hobgoblins
  A quokka (D:4)
  7 bats
  3 frilled lizards
  7 kobolds
  6 rats
61 creatures vanquished.

Notes
Turn   | Place    | Note
-------+----------+-------------------------------------------
     0 | D:1      | Cricketeer the Minotaur Berserker began the quest for the
                  | Orb.
     0 | D:1      | Reached XP level 1. HP: 19/19 MP: 0/0
   597 | D:1      | Found a snail-covered altar of Cheibriados.
   599 | D:1      | Reached XP level 2. HP: 27/27 MP: 1/1
  1473 | D:2      | Reached XP level 3. HP: 33/33 MP: 2/2
  1829 | D:2      | Reached ** piety under Trog
  1829 | D:2      | Reached skill level 1 in Shields
  2187 | D:3      | Reached XP level 4. HP: 19/40 MP: 3/3
  2348 | D:3      | Found a hazy altar of Hepliaklqana.
  2370 | D:3      | Reached XP level 5. HP: 14/46 MP: 4/4
  2933 | D:4      | HP: 2/46 [orc priest/divine providence (10)]
  2935 | D:4      | Slain by an orc

Vault maps used:
D:1:      enne_arrival_octagon_isle, cheibriados_altar_1
D:2:      first_ration
D:3:      old_standard_altar
D:4:      nicolae_ru_sacrificial_ziggurat, eat_drink_and_be_merry_uskayaw,
          nicolae_ossuary_entry_false_entrances

Skill      XL: |  1  2  3  4  5 |
---------------+----------------+-----
Axes           | 4 |  4.9
Armour         | 3 4 |  4.1
Shields        | 1 2 |  2.6
Fighting       | 4 |  4.2
Dodging        | 3 |  3.0

Action                   |  1- 3 |  4- 6 || total
-------------------------+-------+-------++-------
Melee: Hand axe          |   101 |    57 ||   158
       Headbutt          |    12 |    15 ||    27
Invok: Berserk           |     1 |       ||     1
 Stab: Sleeping          |     1 |     1 ||     2
  Eat: Chunk             |     4 |     3 ||     7
Armor: Animal skin       |    11 |       ||    11
       Leather armour    |     3 |    16 ||    19
Dodge: Dodged            |    54 |    14 ||    68
Block: Large shield      |    39 |    34 ||    73

Table legend:
 A = Non-vault XP
 B = Vault XP
 C = Vault XP percentage of total XP
 D = Non-vault monster count
 E = Vault monster count
 F = Vault count percentage of total count
                 A         B        C        D         E       F
            +---------+---------+-------+---------+---------+-------
      Total |     269 |       0 |   0.0 |      61 |       0 |   0.0
            +---------+---------+-------+---------+---------+-------
        D:1 |      40 |       0 |   0.0 |      18 |       0 |   0.0
        D:2 |      44 |       0 |   0.0 |      17 |       0 |   0.0
        D:3 |     180 |       0 |   0.0 |      24 |       0 |   0.0
        D:4 |       5 |       0 |   0.0 |       2 |       0 |   0.0
            +---------+---------+-------+---------+---------+-------
